 Dungeon Crawl Stone Soup version 0.27-a0-1416-g941b2bd30b (webtiles) character file.

Game seed: 2931992019761232685

79 Tocho the Skirmisher (level 4, -1/73 HPs)
             Began as an Ogre Berserker on June 30, 2021.
             Was a Believer of Trog.
             Slain by Terence (14 damage)
             ... on level 2 of the Dungeon on July 1, 2021.
             The game lasted 00:02:51 (1640 turns).

Tocho the Skirmisher (Ogre Berserker)               Turns: 1640, Time: 00:02:51

Health: -1/73      AC:  3    Str: 22    XL:     4   Next: 37%
Magic:  4/4        EV: 10    Int:  8    God:    Trog [**....]
Gold:   73         SH:  0    Dex:  8    Spells: 3/3 levels left

rFire    . . .     SeeInvis .   a - +0 hand axe
rCold    . . .     Faith    .   (no shield)
rNeg     . . .     Spirit   .   b - +0 animal skin
rPois    .         Reflect  .   (helmet restricted)
rElec    .         Harm     .   (no cloak)
rCorr    .         Rampage  .   (gloves unavailable)
Will     .....                  (boots unavailable)
Stlth    ..........             (no amulet)
HPRegen  0.22/turn              (no ring)
MPRegen  0.09/turn              (no ring)

@: berserking (expiring), very quick
A: large, unfitting armour, tough skin 1
a: Renounce Religion, Berserk, Trog's Hand


You were on level 2 of the Dungeon.
You worshipped Trog.
Trog was pleased with you.
You visited 1 branch of the dungeon, and saw 2 of its levels.

You collected 73 gold pieces.

Inventory:

Hand Weapons
 a - a +0 hand axe (weapon)
Armour
 b - a +0 animal skin (worn)
 c - a +1 robe of cold resistance
Wands
 h - a wand of polymorph (11)
Scrolls
 d - a scroll of teleportation {unknown}
 e - 2 scrolls of identify {unknown}
 i - 3 scrolls of enchant armour {unknown}
Potions
 f - a potion of might {unknown}
 g - 2 potions of flight {unknown}


   Skills:
 + Level 4.7 Fighting
 + Level 4.0 Axes
 + Level 3.3 Dodging
 + Level 0.2 Stealth


You had 3 spell levels left.
You didn't know any spells.
Your spell library was empty.

Dungeon Overview and Level Annotations

Branches:
Dungeon (2/15)

Altars:

Annotations:
D:2 Terence


Innate Abilities, Weirdness & Mutations

You are too large for most types of armour.
You have tough skin. (AC +1)


Message History

You are too injured to fight recklessly!
You are too injured to fight recklessly!
You are too injured to fight recklessly!
You are too injured to fight recklessly!
You are too injured to fight recklessly!
A red film seems to cover your vision as you go berserk!
You feel yourself moving faster!
You feel mighty!
The endoplasm quivers.
The rat twitches its whiskers.
The bat hits you but does no damage. Terence barely misses you.
Okay, then.
You are too injured to fight recklessly!
You barely miss Terence. You closely miss the goblin. You slash the bat!
You kill the bat!
Trog accepts your kill. Terence closely misses you.
You hit Terence but do no damage. You slash the goblin!
You kill the goblin!
Trog accepts your kill.
You barely miss Terence.
Terence hits you with a +3 vorpal flail.
You barely miss Terence. You slash the rat!
You kill the rat!
Trog accepts your kill.
Terence hits you with a +3 vorpal flail!
You slash Terence!
Terence is moderately wounded.
You slash the endoplasm!
You kill the endoplasm!
Trog accepts your kill.
Terence hits you with a +3 vorpal flail!
* * * LOW HITPOINT WARNING * * *
x2 You closely miss Terence.
Terence is moderately wounded.
You slash Terence!
Terence is almost dead.
Terence drinks a potion.
Terence is healed!
You closely miss Terence.
Terence is heavily wounded.
Terence hits you with a +3 vorpal flail!
You die...

....## ..........##
...... ..
#............## ....##
.... #..........#..###
###.#
#.#.##..........#)...###
.#
........................
..$.....................
................##......
.........<......##......
......@@!.......##......
#.#....)......#########.
#.#.........# . #
#.........# #......(..#
...........#
.........(...#
.......(......


You could see Terence.

Vanquished Creatures
  An adder (D:2)
  3 worms (D:2)
  2 dart slugs
  4 bats
  8 endoplasms
  3 giant cockroaches (D:1)
  3 goblins
  4 hobgoblins (D:1)
  7 jackals
  2 ball pythons
  5 frilled lizards
  8 kobolds
  2 rats
52 creatures vanquished.

Notes
Turn   | Place    | Note
-------+----------+-------------------------------------------
     0 | D:1      | Tocho the Ogre Berserker began the quest for the Orb.
     0 | D:1      | Reached XP level 1. HP: 24/24 MP: 1/1
   139 | D:1      | Reached XP level 2. HP: 28/32 MP: 2/2
   457 | D:1      | Reached XP level 3. HP: 40/40 MP: 3/3
   946 | D:2      | Reached ** piety under Trog
  1140 | D:2      | Reached XP level 4. HP: 37/49 MP: 4/4
  1313 | D:2      | Upgraded the game from 0.27-a0-1384-g1422d76b99 to
                  | 0.27-a0-1416-g941b2bd30b
  1627 | D:2      | Noticed Terence
  1640 | D:2      | Slain by Terence

Illustrated notes

Levels and vault maps discovered:
D:1:      dpeg_arrival_more_subterranean_lakeside_camping, layout_basic,
          serial_glass, glass_columns_a, glass_columns_b
D:2:      layout_rooms, serial_shops, shop, minmay_quadrilaterals, uniq_terence

Skill      XL: |  1  2  3  4 |
---------------+-------------+-----
Dodging        | 3 |  3.3
Axes           | 4 |  4.0
Fighting       | |  4.7
Stealth        | |  0.2

Action                   |  1- 3 |  4- 6 || total
-------------------------+-------+-------++-------
Melee: Hand axe          |   126 |    36 ||   162
Invok: Berserk           |     1 |     1 ||     2
Armor: Animal skin       |    46 |     8 ||    54
Dodge: Dodged            |    70 |    10 ||    80

Table legend: (Time is in decaauts)
 A = Elapsed time spent in this place.
 B = Non-inter-level travel time spent in this place.
 C = Inter-level travel time spent in this place.
 D = Time resting spent in this place.
 E = Time spent auto-exploring this place.
 F = Levels seen in this place.
 G = Mean time per level.
                   A        B        C        D        E       F      G
               +--------+--------+--------+--------+--------+-----+--------+
         Total |   1665 |   1645 |     20 |     40 |   1304 |   2 |  832.5 |
       Dungeon |   1665 |   1645 |     20 |     40 |   1304 |   2 |  832.5 |
               +--------+--------+--------+--------+--------+-----+--------+

Top non-repeatable levels by time:
     D:1: 962 daAuts
     D:2: 703 daAuts
